PL
RICHARDSON CITY THUNDERCATS @ THUNDER BAY NORTHERN LIONS BC
06/06/2027
 
TOP OF THE 1ST
Richardson City Thundercats batting - Pitching for Thunder Bay Northern Lions BC : RHP Rafael Rodríguez
Pitching: RHP Rafael Rodríguez
Batting: RHB Juan Cabrera 0-0: Foul Ball, location: 2F
0-1: Foul Ball, location: 2F
0-2: Ball
1-2: Ground out 5-3 (Groundball, 56S)
Batting: RHB Alan Elder 0-0: Called Strike
0-1: Ball
1-1: Ball
2-1: Ball
3-1: Fly out, F8 (Flyball, 8LXD)
Batting: LHB Terrence Eler 0-0: Foul Ball, location: 2F
0-1: Swinging Strike
0-2: Ball
1-2: Ball
2-2: Foul Ball, location: 2F
2-2: Ball
3-2: Base on Balls
Batting: RHB Javier Rivera 0-0: Ball
1-0: Ball
2-0: Fly out, F5 (Popup, 56S)
Top of the 1st over - 0 run(s), 0 hit(s), 0 error(s), 1 left on base; Richardson City 0 - Thunder Bay 0
BOTTOM OF THE 1ST
Thunder Bay Northern Lions BC batting - Pitching for Richardson City Thundercats : LHP Armando Gonzáles
Pitching: LHP Armando Gonzáles
Batting: SHB Orlando Miranda 0-0: Ball
1-0: Foul Ball, location: 2F
1-1: Called Strike
1-2: Fly out, F7 (Flyball, 78M)
Batting: SHB Terumoto Kurihara 0-0: Foul Ball, location: 2F
0-1: DOUBLE (Line Drive, 9LM)
Batting: RHB Wilfred McLaughlin 0-0: Ball
1-0: Ball
2-0: Called Strike
2-1: Ball
3-1: Base on Balls
Batting: RHB Carlos Padilla 0-0: Called Strike
0-1: Called Strike
0-2: Foul Ball, location: 2F
0-2: Foul Ball, location: 2F
0-2: Ball
Passed Ball!
Terumoto Kurihara to third
Wilfred McLaughlin to second
1-2: Foul Ball, location: 2F
1-2: Fly out, F7 (Flyball, 78XD)
Runner from 3rd tags up, SCORES, no throw
Wilfred McLaughlin to third
Batting: LHB David Smith 0-0: Called Strike
0-1: Ball
1-1: Ball
2-1: Swinging Strike
2-2: Fly out, F4 (Popup, 34)
Bottom of the 1st over - 1 run(s), 1 hit(s), 0 error(s), 1 left on base; Richardson City 0 - Thunder Bay 1
TOP OF THE 2ND
Richardson City Thundercats batting - Pitching for Thunder Bay Northern Lions BC : RHP Rafael Rodríguez
Batting: SHB Mitch Qualtrough 0-0: Ball
1-0: Foul Ball, location: 2F
1-1: Ball
2-1: Ball
3-1: Base on Balls
Batting: RHB Tomás Martínez 0-0: Called Strike
0-1: Ball
1-1: Foul Ball, location: 2F
1-2: 2-RUN HOME RUN (Flyball, 7D), Distance : 390 ft
Batting: LHB Fernando Ramírez 0-0: Swinging Strike
0-1: SINGLE (Groundball, 4MD)
Batting: RHB Joey Jones 0-0: Fielders Choice at 2nd, 4-6 (Groundball, 4D)
Batting: RHB Chriss Mann 0-0: Ball
1-0: Ball
2-0: Fly out, F7 (Flyball, 7)
Batting: RHB Juan Cabrera 0-0: Ball
Joey Jones steals 2nd base
1-0: Called Strike
1-1: Ball
2-1: Ball
3-1: SINGLE (Groundball, 6MD)
Joey Jones to third
Runner from 3rd tries for Home, SAFE, no throw
Batting: RHB Alan Elder 0-0: Ball
1-0: Foul Ball, location: 2F
1-1: Foul Ball, location: 2F
1-2: Foul Ball, location: 2F
1-2: Fly out, F8 (Flyball, 8LS)
Top of the 2nd over - 3 run(s), 3 hit(s), 0 error(s), 1 left on base; Richardson City 3 - Thunder Bay 1
BOTTOM OF THE 2ND
Thunder Bay Northern Lions BC batting - Pitching for Richardson City Thundercats : LHP Armando Gonzáles
Batting: RHB Ray John 0-0: Called Strike
0-1: Ball
1-1: Foul Ball, location: 2F
1-2: Ball
2-2: Fly out, F9 (Flyball, 9S)
Batting: SHB Carlos Rodríguez 0-0: Ball
1-0: Called Strike
1-1: Ball
2-1: Ball
3-1: Foul Ball, location: 2F
3-2: SINGLE (Line Drive, 4MD)
Batting: LHB Cole Thrash 0-0: Called Strike
0-1: Foul Ball, location: 2F
0-2: Strikes out looking
Batting: LHB Ramón Gómez 0-0: Ball
1-0: Ball
2-0: Ball
3-0: Called Strike
3-1: Called Strike
3-2: Foul Ball, location: 2F
3-2: Base on Balls
Carlos Rodríguez to second
Batting: SHB Orlando Miranda 0-0: Called Strike
0-1: SINGLE (Line Drive, 6D)
Carlos Rodríguez to third
Ramón Gómez to second
Runner from 3rd tries for Home, SAFE, no throw
Batting: SHB Terumoto Kurihara 0-0: Called Strike
0-1: Ball
1-1: Called Strike
1-2: 3-RUN HOME RUN (Line Drive, 7D), Distance : 405 ft
Batting: RHB Wilfred McLaughlin 0-0: Ball
1-0: Foul Ball, location: 2F
1-1: Ball
2-1: Ball
3-1: Foul Ball, location: 2F
3-2: Base on Balls
Pitching: RHP Dave Reed
Batting: RHB Carlos Padilla 0-0: Called Strike
0-1: Ball
Wilfred McLaughlin steals 2nd base
1-1: Foul Ball, location: 2F
1-2: Strikes out swinging
Bottom of the 2nd over - 4 run(s), 3 hit(s), 0 error(s), 1 left on base; Richardson City 3 - Thunder Bay 5
TOP OF THE 3RD
Richardson City Thundercats batting - Pitching for Thunder Bay Northern Lions BC : RHP Rafael Rodríguez
Batting: LHB Terrence Eler 0-0: SINGLE (Line Drive, 7S)
Batting: RHB Javier Rivera 0-0: Swinging Strike
0-1: Grounds into double play, 5-4-3 (Groundball, 5L)
Batting: SHB Mitch Qualtrough 0-0: Ball
1-0: Ground out 4-3 (Groundball, 4)
Top of the 3rd over - 0 run(s), 1 hit(s), 0 error(s), 0 left on base; Richardson City 3 - Thunder Bay 5
BOTTOM OF THE 3RD
Thunder Bay Northern Lions BC batting - Pitching for Richardson City Thundercats : RHP Dave Reed
Batting: LHB David Smith 0-0: Called Strike
0-1: Ball
1-1: Ball
2-1: Foul Ball, location: 2F
2-2: Ball
3-2: Base on Balls
Batting: RHB Ray John 0-0: Called Strike
0-1: Ball
1-1: Swinging Strike
1-2: Ball
2-2: Strikes out swinging
Batting: SHB Carlos Rodríguez 0-0: Called Strike
0-1: Ball
1-1: Ball
2-1: Called Strike
2-2: Grounds into double play, 6-4-3 (Groundball, 6)
Bottom of the 3rd over - 0 run(s), 0 hit(s), 0 error(s), 0 left on base; Richardson City 3 - Thunder Bay 5
TOP OF THE 4TH
Richardson City Thundercats batting - Pitching for Thunder Bay Northern Lions BC : RHP Rafael Rodríguez
Batting: RHB Tomás Martínez 0-0: Called Strike
0-1: Fly out, F8 (Flyball, 8LM)
Batting: LHB Fernando Ramírez 0-0: Ball
1-0: Ball
2-0: Called Strike
2-1: Swinging Strike
2-2: Ball
3-2: Foul Ball, location: 2F
3-2: Strikes out swinging
Batting: RHB Joey Jones 0-0: Swinging Strike
0-1: Swinging Strike
0-2: Foul Ball, location: 2F
0-2: Ball
1-2: Foul Ball, location: 2F
1-2: Strikes out looking
Top of the 4th over - 0 run(s), 0 hit(s), 0 error(s), 0 left on base; Richardson City 3 - Thunder Bay 5
BOTTOM OF THE 4TH
Thunder Bay Northern Lions BC batting - Pitching for Richardson City Thundercats : RHP Dave Reed
Batting: LHB Cole Thrash 0-0: Ball
1-0: Ball
2-0: Ball
3-0: Base on Balls
Batting: LHB Ramón Gómez 0-0: SINGLE (Line Drive, 8LS)
Cole Thrash to second
Batting: SHB Orlando Miranda 0-0: Called Strike
0-1: Foul Ball, location: 2F
0-2: Grounds into double play, 4-6-3 (Groundball, 34)
Cole Thrash to third
Batting: SHB Terumoto Kurihara 0-0: SINGLE (Groundball, 34D)
Cole Thrash scores
Batting: RHB Wilfred McLaughlin 0-0: SINGLE (Line Drive, 8RS)
Terumoto Kurihara to second
Batting: RHB Carlos Padilla 0-0: Ground out 1-3 (Groundball, 15S)
Bottom of the 4th over - 1 run(s), 3 hit(s), 0 error(s), 2 left on base; Richardson City 3 - Thunder Bay 6
TOP OF THE 5TH
Richardson City Thundercats batting - Pitching for Thunder Bay Northern Lions BC : RHP Rafael Rodríguez
Batting: RHB Chriss Mann 0-0: Ball
1-0: Called Strike
1-1: Swinging Strike
1-2: Foul Ball, location: 2F
1-2: Ball
2-2: Foul Ball, location: 2F
2-2: Ball
3-2: Fly out, F8 (Flyball, 8LM)
Batting: RHB Juan Cabrera 0-0: Ball
1-0: Ball
2-0: Foul Ball, location: 2F
2-1: DOUBLE (Line Drive, 7LM)
Batting: RHB Alan Elder 0-0: Ball
1-0: Ground out 6-3 (Groundball, 6)
Batting: LHB Terrence Eler 0-0: Foul Ball, location: 2F
0-1: Called Strike
0-2: Foul Ball, location: 2F
0-2: Ball
Wild Pitch!
Juan Cabrera to third
1-2: Ball
2-2: Ball
3-2: Base on Balls
Batting: RHB Javier Rivera 0-0: DOUBLE (Line Drive, 3D)
Juan Cabrera scores
Terrence Eler to third
Batting: SHB Mitch Qualtrough 0-0: Ball
1-0: Ball
2-0: Called Strike
2-1: Ball
3-1: Fly out, F8 (Line Drive, 8LM)
Top of the 5th over - 1 run(s), 2 hit(s), 0 error(s), 2 left on base; Richardson City 4 - Thunder Bay 6
BOTTOM OF THE 5TH
Thunder Bay Northern Lions BC batting - Pitching for Richardson City Thundercats : RHP Dave Reed
Batting: LHB David Smith 0-0: Ball
1-0: Ball
2-0: Ground out 4-3 (Groundball, 34D)
Batting: RHB Ray John 0-0: Ball
1-0: Foul Ball, location: 2F
1-1: Called Strike
1-2: Strikes out looking
Batting: SHB Carlos Rodríguez 0-0: Called Strike
0-1: Foul Ball, location: 2F
0-2: Ball
1-2: Fly out, F9 (Flyball, 89D)
Bottom of the 5th over - 0 run(s), 0 hit(s), 0 error(s), 0 left on base; Richardson City 4 - Thunder Bay 6
TOP OF THE 6TH
Richardson City Thundercats batting - Pitching for Thunder Bay Northern Lions BC : RHP Rafael Rodríguez
Batting: RHB Tomás Martínez 0-0: Called Strike
0-1: Foul Ball, location: 2F
0-2: Fly out, F9 (Flyball, 9LS)
Batting: LHB Fernando Ramírez 0-0: Ball
1-0: Fly out, F8 (Line Drive, 8RM)
Batting: RHB Joey Jones 0-0: Ball
1-0: Called Strike
1-1: Swinging Strike
1-2: Ball
2-2: Ball
3-2: SINGLE (Line Drive, 56D)
Batting: RHB Chriss Mann 0-0: Ball
1-0: Ball
2-0: Ground out 6-3 (Groundball, 56)
Top of the 6th over - 0 run(s), 1 hit(s), 0 error(s), 1 left on base; Richardson City 4 - Thunder Bay 6
BOTTOM OF THE 6TH
Thunder Bay Northern Lions BC batting - Pitching for Richardson City Thundercats : RHP Dave Reed
Batting: LHB Cole Thrash 0-0: Swinging Strike
0-1: Ground out 3-1 (Groundball, 34)
Pitching: RHP Ramón Ortega
Batting: LHB Ramón Gómez 0-0: Bunt missed!
0-1: Foul Ball, location: 2F
0-2: Foul Ball, location: 2F
0-2: Ball
1-2: Ball
2-2: Ground out 6-3 (Groundball, 6M)
Batting: SHB Orlando Miranda 0-0: Swinging Strike
0-1: Foul Ball, location: 2F
0-2: Ball
1-2: Ball
2-2: Foul Ball, location: 2F
2-2: Strikes out looking
Bottom of the 6th over - 0 run(s), 0 hit(s), 0 error(s), 0 left on base; Richardson City 4 - Thunder Bay 6
TOP OF THE 7TH
Richardson City Thundercats batting - Pitching for Thunder Bay Northern Lions BC : RHP Rafael Rodríguez
Batting: RHB Juan Cabrera 0-0: Ball
1-0: Ball
2-0: Foul Ball, location: 2F
2-1: Ball
3-1: Called Strike
3-2: Ground out 6-3 (Groundball, 6)
Batting: RHB Alan Elder 0-0: Called Strike
0-1: Ball
1-1: Called Strike
1-2: Foul Ball, location: 2F
1-2: Ball
2-2: Ground out 6-3 (Groundball, 6)
Batting: LHB Terrence Eler 0-0: Ball
1-0: Ball
2-0: Foul Ball, location: 2F
2-1: Called Strike
2-2: Fly out, F7 (Flyball, 7S)
Top of the 7th over - 0 run(s), 0 hit(s), 0 error(s), 0 left on base; Richardson City 4 - Thunder Bay 6
BOTTOM OF THE 7TH
Thunder Bay Northern Lions BC batting - Pitching for Richardson City Thundercats : RHP Ramón Ortega
Batting: SHB Terumoto Kurihara 0-0: Ball
1-0: Swinging Strike
1-1: Ball
2-1: Ball
3-1: Called Strike
3-2: Foul Ball, location: 2F
3-2: Base on Balls
Batting: RHB Wilfred McLaughlin 0-0: Ground out 4-3 (Groundball, 34)
Terumoto Kurihara to second
Batting: RHB Carlos Padilla 0-0: Ground out U3 (Groundball, 3)
Terumoto Kurihara to third
Batting: LHB David Smith 0-0: SINGLE (Groundball, 4) (infield hit)
Terumoto Kurihara scores
Batting: RHB Ray John 0-0: Swinging Strike
0-1: Foul Ball, location: 2F
0-2: Ball
1-2: SINGLE (Groundball, 56D)
David Smith to second
Batting: SHB Carlos Rodríguez 0-0: Ball
Wild Pitch!
David Smith to third
Ray John to second
1-0: Fly out, F7 (Flyball, 7)
Bottom of the 7th over - 1 run(s), 2 hit(s), 0 error(s), 2 left on base; Richardson City 4 - Thunder Bay 7
TOP OF THE 8TH
Richardson City Thundercats batting - Pitching for Thunder Bay Northern Lions BC : RHP Rafael Rodríguez
Pitching: RHP Andrés Martínez
Batting: RHB Javier Rivera 0-0: Ball
1-0: Called Strike
1-1: Called Strike
1-2: Ball
2-2: Ball
3-2: Foul Ball, location: 2F
3-2: Strikes out swinging
Batting: SHB Mitch Qualtrough 0-0: Ball
1-0: Called Strike
1-1: Ball
2-1: Fly out, F3 (Line Drive, 3S)
Batting: RHB Tomás Martínez 0-0: Ball
1-0: Called Strike
1-1: Swinging Strike
1-2: Ball
2-2: Foul Ball, location: 2F
2-2: Ball
3-2: Fly out, F6 (Line Drive, 6)
Top of the 8th over - 0 run(s), 0 hit(s), 0 error(s), 0 left on base; Richardson City 4 - Thunder Bay 7
BOTTOM OF THE 8TH
Thunder Bay Northern Lions BC batting - Pitching for Richardson City Thundercats : RHP Ramón Ortega
Batting: LHB Cole Thrash 0-0: Called Strike
0-1: Foul Ball, location: 2F
0-2: SINGLE (Groundball, 56D)
Batting: LHB Ramón Gómez 0-0: Bunt missed!
0-1: Sac Bunt - play at first, batter OUT! 1-4
Cole Thrash to second
Batting: SHB Orlando Miranda 0-0: Foul Ball, location: 2F
0-1: Swinging Strike
0-2: Strikes out swinging
Pitching: LHP Javier Ramírez
Batting: SHB Terumoto Kurihara 0-0: SINGLE (Groundball, 34D)
Cole Thrash to third
Runner from 3rd tries for Home, SAFE, no throw
Batting: RHB Wilfred McLaughlin 0-0: Called Strike
0-1: Swinging Strike
0-2: Foul Ball, location: 2F
0-2: Strikes out swinging
Bottom of the 8th over - 1 run(s), 2 hit(s), 0 error(s), 1 left on base; Richardson City 4 - Thunder Bay 8
TOP OF THE 9TH
Richardson City Thundercats batting - Pitching for Thunder Bay Northern Lions BC : RHP Andrés Martínez
Batting: LHB Fernando Ramírez 0-0: Ball
1-0: Ball
2-0: Ball
3-0: Called Strike
3-1: Base on Balls
Batting: RHB Joey Jones 0-0: Grounds into double play, 4-6-3 (Groundball, 4)
Batting: RHB Chriss Mann 0-0: Ball
1-0: Ball
2-0: Ball
3-0: Called Strike
3-1: Base on Balls
Batting: RHB Juan Cabrera 0-0: Ball
1-0: Ball
2-0: Called Strike
2-1: Foul Ball, location: 2F
2-2: Ball
3-2: Foul Ball, location: 2F
3-2: Base on Balls
Chriss Mann to second
Pitching: RHP Bill Lee
Batting: RHB Alan Elder 0-0: Fly out, F3 (Popup, 3D)
Top of the 9th over - 0 run(s), 0 hit(s), 0 error(s), 2 left on base; Richardson City 4 - Thunder Bay 8
Saturday, May 26th, 2018 - OOTP Baseball 17.12 Build 75